 Dungeon Crawl Stone Soup version 0.31.0-4-g52a2dc7128 (webtiles) character file.

Game seed: 6151331486593480796

313046 NitroKuite the Acrobat (level 20, -18/102 HPs)
             Began as a Spriggan Hunter on Jan 21, 2024.
             Was the Champion of Hepliaklqana.
             Demolished by a +4 long sword of electrocution (19 damage)
             ... on level 2 of the Elven Halls.
             The game lasted 01:35:33 (39682 turns).

NitroKuite the Acrobat (Spriggan Hunter)           Turns: 39682, Time: 01:35:34

Health: -18/102    AC:  5    Str:  7    XL:     20   Next: 45%
Magic:  28/28      EV: 39    Int: 13    God:    Hepliaklqana [******]
Gold:   1564       SH:  0    Dex: 20    Spells: 19/19 levels left

rFire   + + +        M - +8 arbalest (freeze)
rCold   + + .        (shield currently unavailable)
rNeg    + . .        y - +2 robe {rN+}
rPois   +            (helmet restricted)
rElec   .            e - +0 cloak of the Cuttlefish {rF++}
rCorr   .            (gloves unavailable)
SInv    +            (boots unavailable)
Will    ++++.        O - amulet of regeneration
Stlth   +++++++++    L - ring "Biptak" {rF++ rC++ Will+ Dex-5}
HPRegen 1.17/turn    J - ring of poison resistance
MPRegen 0.21/turn

%: no passive effects
@: very quick
A: reduced essence, very small, no large weapons, unfitting armour, see
invisible, speed 3
}: 2/15 runes: decaying, serpentine
a: Renounce Religion, Recall Ancestor, Ancestor Identity, Transference, Idealise


You were on level 2 of the Elven Halls.
You worshipped Hepliaklqana.
Hepliaklqana was exalted by your worship.
You visited 7 branches of the dungeon, and saw 33 of its levels.
You visited 1 bazaar.
You also visited: Sewer, Gauntlet and Desolation.

You collected 3333 gold pieces.
You spent 1769 gold pieces at shops.

Inventory:

Hand Weapons
 s - a +2 sling of flaming
 M - a +8 arbalest of freezing (weapon)
Armour
 e - the +0 cloak of the Cuttlefish (worn) {rF++}
   (You acquired it on level 1 of the Dungeon)

   rF++:      It greatly protects you from fire.
 y - a +2 robe of positive energy (worn)
Jewellery
 l - a ring of flight
 z - a ring of resist corrosion
 C - a ring of willpower
 J - a ring of poison resistance (right hand)
 L - the ring "Biptak" (left hand) {rF++ rC++ Will+ Dex-5}
   (You found it on level 11 of the Dungeon)

   [ring of willpower]

   Dex-5:     It affects your dexterity (-5).
   rF++:      It greatly protects you from fire.
   rC++:      It greatly protects you from cold.
   Will+:     It increases your willpower.
 O - an amulet of regeneration (around neck)
Wands
 m - a wand of paralysis (25)
 A - a wand of iceblast (41)
 B - a wand of mindburst (26)
 H - a wand of acid (15)
 K - a wand of digging (7)
 N - a wand of polymorph (14)
 P - a wand of flame (104)
Scrolls
 a - a scroll of brand weapon
 b - 4 scrolls of butterflies
 c - 9 scrolls of identify
 g - 14 scrolls of teleportation
 i - 7 scrolls of fog
 p - 2 scrolls of enchant armour
 q - 8 scrolls of noise
 x - 5 scrolls of fear
 D - 4 scrolls of immolation
 T - a scroll of revelation
Potions
 d - 2 potions of ambrosia
 f - 9 potions of haste
 h - 2 potions of heal wounds
 j - 17 potions of curing
 k - 4 potions of might
 n - a potion of brilliance
 r - 4 potions of mutation
 t - 6 potions of attraction
 v - 3 potions of invisibility
 w - 4 potions of lignification
 F - 7 potions of berserk rage
 I - 3 potions of enlightenment
 Q - a potion of resistance
 W - 2 potions of cancellation
Miscellaneous
 U - a tin of tremorstones (2/2)
 V - a sack of spiders
 Y - a phantom mirror
 Z - a phial of floods


   Skills:
 * Level 15.6 Fighting
 - Level 19.0 Ranged Weapons
 + Level 24.0 Dodging
 + Level 23.7 Stealth
 - Level 10.1 Invocations
 + Level 11.4 Evocations


You had 19 spell levels left.
You didn't know any spells.
Your spell library contained the following spells:

 Spells                   Type           Power      Damage    Failure   Level
 Apportation              Tloc           0%         N/A       30%         1
 Kiss of Death            Conj/Necr      0%         2d5       30%         1
 Magic Dart               Conj           0%         1d3       30%         1
 Necrotise                Necr           0%         1d4       30%         1
 Sting                    Conj/Alch      0%         1d3       30%         1
 Summon Small Mammal      Summ           0%         N/A       30%         1
 Blink                    Tloc           0%         N/A       43%         2
 Call Imp                 Summ           0%         N/A       43%         2
 Cigotuvi's Dreadful Rot  Necr/Alch/Air  0%         N/A       43%         2
 Mercury Vapours          Alch/Air       0%         N/A       43%         2
 Static Discharge         Conj/Air       0%         3-3/arc   43%         2
 Sublimation of Blood     Necr           0%         N/A       43%         2
 Call Canine Familiar     Summ           0%         N/A       67%         3
 Dazzling Flash           Conj/Hex       0%         N/A       67%         3
 Gell's Gravitas          Tloc           0%         N/A       67%         3
 Inner Flame              Hex/Fire       0%         N/A       67%         3
 Mephitic Cloud           Conj/Alch/Air  0%         N/A       67%         3
 Ozocubu's Armour         Ice            0%         N/A       67%         3
 Summon Ice Beast         Ice/Summ       0%         N/A       67%         3
 Teleport Other           Tloc           0%         N/A       67%         3
 Animate Armour           Summ/Erth      0%         N/A       97%         4
 Animate Dead             Necr           0%         N/A       97%         4
 Brom's Barrelling Bould  Conj/Erth      0%         2d3       97%         4
 Dimensional Bullseye     Hex/Tloc       0%         N/A       97%         4
 Dispel Undead            Necr           0%         3d6       97%         4
 Flame Wave               Conj/Fire      0%         2d4       97%         4
 Martyr's Knell           Necr/Summ      0%         N/A       97%         4
 Olgreb's Toxic Radiance  Alch           0%         N/A       97%         4
 Petrify                  Alch/Erth      0%         N/A       97%         4
 Sticky Flame             Fire/Alch      0%         2d4       97%         4
 Summon Blazeheart Golem  Fire/Summ      0%         N/A       97%         4
 Borgnjor's Vile Clutch   Necr/Erth      0%         N/A       100%        5
 Curse of Agony           Necr           0%         N/A       100%        5
 Irradiate                Conj/Alch      0%         3d11      100%        5
 Silence                  Hex/Air        0%         N/A       100%        5
 Summon Forest            Summ/Tloc      0%         N/A       100%        5
 Death Channel            Necr           0%         N/A       100%        6
 Dispersal                Tloc           0%         N/A       100%        6
 Starburst                Conj/Fire      0%         6d3       100%        6
 Orb of Destruction       Conj           0%         9d5       100%        7
 Spellforged Servitor     Conj/Summ      0%         N/A       100%        7
 Polar Vortex             Ice            0%         N/A       100%        9


Dungeon Overview and Level Annotations

Branches:
Dungeon (15/15)            Temple (1/1) D:4            Lair (5/5) D:11
  Swamp (4/4) Lair:3        Snake (4/4) Lair:2        Slime (0/5) Lair:4
    Orc (2/2) D:9             Elf (2/3) Orc:2        Vaults (0/5) D:13
 Depths (0/4) D:15          Sewer (visited)         Desolation (visited)
Gauntlet (visited)

Altars:
Ashenzari
Cheibriados
Dithmenos
Elyvilon
Fedhas
Gozag
Hepliaklqana
Kikubaaqudgha
Makhleb
Nemelex Xobeh
Okawaru
Qazlal
Ru
Sif Muna
Trog
Uskayaw
Vehumet
Wu Jian
Xom
Yredelemnul
Zin
The Shining One
Jiyva

Shops:
D:12 !*:   Orc:2 (*[   Elf:1 ?   Snake:1 :

Portals:
Abyss: D:10
Trove: D:14 (show abyssal rune of Zot)

Annotations:
D:1 Natasha
D:10 2 transporters, Arcaseus's ghost, journeyman DEFE


Innate Abilities, Weirdness & Mutations

Your life essence is reduced to manifest your ancestor. (-10% HP)
You are very small and have problems with some larger weapons.
You are too small for most types of armour.
You have supernaturally acute eyesight. (SInv)
You cover ground extremely quickly. (Speed+++)


Message History

A profound silence engulfs you.
The +4 scimitar of holy wrath barely misses you.
The +4 scimitar of holy wrath completely misses you.
Dagmar hits the +4 scimitar of holy wrath with a +0 broad axe of flaming!
Dagmar burns the +4 scimitar of holy wrath.
The +4 scimitar of holy wrath attacks as it pursues you!
The +4 scimitar of holy wrath completely misses you.
You shoot a bolt.
The bolt hits the +4 scimitar of holy wrath!
The bolt freezes the +4 scimitar of holy wrath.
The +4 scimitar of holy wrath falls from the air.
Your Dodging skill increases to level 24!
You start resting.
Your hearing returns.
You start resting.
HP restored.
You start resting.
Magic restored.
You start waiting.
Done waiting.
You see here a +4 scimitar of holy wrath.
There is a stone staircase leading down, spattered with blood here.
You climb downwards.
The deep elf blademaster closely misses you.
The deep elf blademaster hits you with a +0 rapier!
The +4 long sword of electrocution hits you!!
The deep elf blademaster hits you with a +0 rapier!!
The deep elf blademaster completely misses you.
The +4 long sword of electrocution hits you!
There is a stone staircase leading up, spattered with blood here.
The deep elf blademaster hits you with a +0 rapier!
* * * LOW HITPOINT WARNING * * *
The deep elf blademaster closely misses you.
The +4 long sword of electrocution hits you!
* * * LOW HITPOINT WARNING * * *
The deep elf blademaster misses you.
The deep elf blademaster hits you with a +0 rapier!
* * * LOW HITPOINT WARNING * * *
The +4 long sword of electrocution hits you!!
You die...

##)#### ### #)### #)#.#####
#[...##.##.....#...#
#....##.##....#.....
#####...##.##...#......
##.###[<.)..##..#.......
###...##.([##.##.#........
##......#R@.##.# #.........
#.......[..e...###.........
#.........).(..##.#........
#....#.....#...##..#.......
#...###...###..##...#......
##..## ##.## ##.##..))#.....
#....###...###)[##.....#...#
#.....#.....#...(.......###.
#...........)...'.......# #.


You could see the friendly Dagmar the knight (reflecting), a deep elf
blademaster (ally target) and 3 dancing weapons.

Vanquished Creatures
  Bai Suzhen (Swamp:3)
  Rupert (D:12)
  A tentacled monstrosity (Swamp:3)
  Frances (D:14)
  A fenstrider witch (Swamp:1)
  2 thorn hunters (Swamp:4)
  3 nagarajas
  A deep elf elementalist (Elf:1)
  2 imperial myrmidons (Desolation)
  An orc warlord (Orc:2)
  8 eleionomae
  Nessos (D:12)
  A minotaur (Gauntlet)
  3 bunyips
  Azrael (Elf:1)
  A halazid warlock (Desolation)
  An ettin (D:14)
  A crystal guardian (Desolation)
  A shambling mangrove (Swamp:3)
  A salamander tyrant (Snake:4)
  18 hydras
  3 rakshasas
  A servant of whispers (Desolation)
  2 ice dragons (Swamp:4)
  7 ragged hierophants (Desolation)
  8 peacekeepers
  2 anacondas
  A catoblepas (D:10)
  2 vault guards (D:13)
  Erica (D:10)
  2 two-headed ogres (D:11)
  6 boulder beetles
  10 death yaks
  7 centaur warriors
  3 ghost crabs
  2 ogre magi
  6 alligators
  15 dancing weapons
  3 tengu warriors
  2 demonic crawlers
  11 naga warriors
  12 naga sharpshooters
  4 orc high priests (Orc:2)
  Urug (D:10)
  A spriggan berserker (Swamp:3)
  3 deep elf knights (Elf:2)
  Sonja (D:12)
  A spectral death yak (Lair:3)
  4 skysharks
  6 goliath frogs
  A glowing orange brain (D:15)
  2 swamp dragons
  5 bog bodies
  3 naga ritualists
  7 spriggan druids
  A deep troll (D:10)
  4 mana vipers
  Pikel (D:4)
  5 deep elf archers
  13 deep elf zephyrmancers
  8 orc knights
  16 deep elf pyromancers
  Maurice (D:8)
  An orc sorcerer (D:13)
  26 ugly things
  6 cyclopes
  4 salamanders
  3 manticores
  A meliai (shapeshifter) (D:15)
  2 kobold blastminers (Orc:2)
  4 guardian serpents
  13 naga magi
  13 elephants
  3 torpor snails
  Joseph (D:8)
  20 black mambas
  A black mamba (shapeshifter) (Elf:2)
  3 gargoyles
  13 cane toads
  3 molten gargoyles
  An unseen horror (D:11)
  Jeremiah (D:6)
  A freezing wraith (Swamp:4)
  3 rime drakes
  8 komodo dragons
  A kobold demonologist (D:9)
  Psyche (D:9)
  An ice devil (Gauntlet)
  A tengu conjurer (D:15)
  A burning bush (Lair:1)
  2 efreet
  3 bloated husks
  10 trolls
  8 hornets
  Grinder (D:5)
  6 polar bears
  9 tyrant leeches
  39 saltlings
  4 dream sheep (Lair:1)
  21 blink frogs
  A wolf spider simulacrum (D:14)
  A spectral elephant (Lair:3)
  A raiju (shapeshifter) (D:13)
  11 slime creatures
  A spriggan (shapeshifter) (D:14)
  2 water elementals (Elf:1)
  4 wyverns
  6 wargs
  6 wraiths
  A hog (shapeshifter) (D:13)
  8 spriggans
  A human (D:13)
  A yak (shapeshifter) (D:13)
  50 yaks
  A basilisk (D:14)
  Eustachio (D:6)
  9 vampire mosquitoes
  5 fire elementals
  A steam dragon (D:9)
  2 swamp worm simulacra (Swamp:4)
  10 swamp worms
  5 hell hounds (Elf:1)
  An acid dragon (D:10)
  24 nagas
  12 water moccasins
  12 hydra simulacra (Swamp:4)
  Duvessa (D:5)
  Edmund (D:4)
  Pargi (Sewer)
  A spectral blink frog (Lair:3)
  2 black bears
  3 swamp drakes
  6 ice beasts
  22 orc warriors
  A sky beast (D:7)
  2 ogres (Orc:2)
  32 wolves
  A laughing skull (D:14)
  5 centaurs
  A boggart (D:14)
  A lemure (D:4)
  3 phantoms
  Blork the orc (D:5)
  A brain worm (Sewer)
  3 kobold brigands
  A weeping skull (D:7)
  16 bullfrogs
  2 gnoll sergeants
  7 wights
  Dowan (D:5)
  4 killer bees
  4 howler monkeys
  3 electric eels
  2 lava snakes
  2 hounds
  5 jellies
  16 orc priests
  Crazy Yiuf (D:5)
  4 iguanas
  14 orc wizards
  Ijyb (D:4)
  4 hell rats (Lair:3)
  Robin (D:2)
  6 adders
  2 shadow imps (D:6)
  5 white imps
  2 ufetubi (D:7)
  3 swamp drake simulacra (Swamp:4)
  3 dart slugs
  63 orcs
  7 endoplasms
  5 giant cockroaches
  12 goblins
  4 hobgoblins
  6 jackals
  9 quokkas
  A ball python (D:4)
  5 bats
  3 frilled lizards
  13 kobolds
  2 rats
  A spectral orc (D:7)
989 creatures vanquished.

Vanquished Creatures (collateral kills)
  Mlioglotl (Swamp:4)
  Agnes (Elf:2)
  A nagaraja (Snake:4)
  A deep elf elementalist (Elf:2)
  An eleionoma (Swamp:4)
  2 bunyips (Swamp:2)
  2 deep elf annihilators (Elf:1)
  A crystal guardian (Desolation)
  A shambling mangrove (Swamp:3)
  An ice dragon (Swamp:4)
  4 ragged hierophants (Desolation)
  A ghost crab (Swamp:1)
  A vault guard (D:13)
  6 hydras
  A peacekeeper (Desolation)
  3 servants of whispers (Desolation)
  A spriggan air mage (Swamp:3)
  An anaconda (Snake:3)
  A centaur warrior (D:13)
  2 alligators
  A two-headed ogre (D:13)
  2 catoblepae
  A boulder beetle (Orc:1)
  4 naga warriors
  3 dancing weapons (Elf:2)
  7 naga sharpshooters
  An orc high priest (Orc:2)
  2 spriggans (Swamp:4)
  3 deep elf knights
  A salamander mystic (Snake:4)
  2 swamp dragons
  A goliath frog (Swamp:4)
  A naga ritualist (Snake:2)
  A mana viper (shapeshifter) (D:15)
  A deep elf archer (D:13)
  3 spriggan druids
  An orc knight (Orc:2)
  A deep elf zephyrmancer (Elf:2)
  3 deep elf pyromancers
  A harpy (shapeshifter) (D:13)
  A necromancer (Swamp:1)
  2 will-o-the-wisps
  2 salamanders
  9 elephants
  A kobold blastminer (Orc:2)
  4 naga magi
  12 ugly things
  2 black mambas
  A guardian serpent (Desolation)
  5 cane toads
  2 komodo dragons
  3 freezing wraiths (Swamp:4)
  A torpor snail (Lair:2)
  A polar bear (Lair:4)
  10 saltlings (Desolation)
  A tyrant leech (Swamp:4)
  3 hornets
  4 blink frogs
  A spectral black mamba (Lair:3)
  A slime creature (D:14)
  A vampire (D:13)
  A wraith (D:10)
  A fire elemental (D:15)
  13 yaks
  2 swamp worm simulacra (Swamp:4)
  A warg (Orc:2)
  Menkaure (D:4)
  4 swamp worms
  A water moccasin (Lair:1)
  3 hydra simulacra (Swamp:4)
  An acid dragon (D:11)
  7 nagas
  A hell hound (Elf:1)
  8 orc warriors
  2 ice beasts (D:11)
  2 ogres
  5 wolves
  2 centaurs
  2 lemures
  A phantom (D:7)
  An earth elemental (Elf:2)
  A bullfrog (Lair:5)
  A scorpion (D:5)
  2 wights (D:8)
  7 killer bees
  3 howler monkeys
  An electric eel (Lair:3)
  A hound (D:6)
  5 orc priests
  A sleepcap (D:5)
  4 orc wizards
  2 adders (D:4)
  2 white imps (Gauntlet)
  A swamp drake simulacrum (Swamp:4)
  21 orcs
  2 endoplasms
  A quokka (D:6)
  A bat (Orc:1)
  3 kobolds (D:8)
  2 butterflies (Lair:1)
260 creatures vanquished.

Vanquished Creatures (others)
  A deep elf archer (Elf:2)
  A tyrant leech (Swamp:1)
  A saltling (Desolation)
  36 knights
  5 ancestors
  6 foxfires
50 creatures vanquished.

Grand Total: 1299 creatures vanquished

Notes
Turn   | Place    | Note
-------+----------+-------------------------------------------
     0 | D:1      | NitroKuite the Spriggan Hunter began the quest for the Orb.
     0 | D:1      | Reached XP level 1. HP: 10/10 MP: 2/2
    84 | D:1      | Reached XP level 2. HP: 4/15 MP: 3/3
    96 | D:1      | Reached skill level 3 in Dodging
   466 | D:2      | Noticed Natasha
   510 | D:1      | Identified a scroll of acquirement
   510 | D:1      | Acquired the +0 cloak of the Cuttlefish {rF++}
   599 | D:1      | Reached XP level 3. HP: 12/18 MP: 4/4
   912 | D:2      | Noticed Robin
   930 | D:2      | Reached XP level 4. HP: 21/23 MP: 5/5
   937 | D:2      | Killed Robin
  1212 | D:3      | Found an iron altar of Okawaru.
  1217 | D:3      | Found an opulent altar of Gozag.
  1337 | D:3      | You are sucked into a shaft and drop 2 floors!
  1337 | D:5      | Entered Level 5 of the Dungeon
  1409 | D:5      | Noticed Blork the orc
  1526 | D:5      | Noticed a centaur
  1527 | D:5      | Noticed Ijyb
  1543 | D:4      | Killed Ijyb
  1624 | D:4      | Noticed a lemure
  1640 | D:4      | Noticed Edmund
  1663 | D:5      | Reached skill level 5 in Ranged Weapons
  1663 | D:5      | Reached XP level 5. HP: 22/27 MP: 6/6
  1725 | D:5      | Reached skill level 4 in Dodging
  1765 | D:5      | Noticed a water moccasin
  2026 | D:5      | Killed a water moccasin
  2027 | D:5      | Reached XP level 6. HP: 23/32 MP: 7/7
  2131 | D:5      | Found a hazy altar of Hepliaklqana.
  2136 | D:5      | Found a snail-covered altar of Cheibriados.
  2140 | D:5      | Became a worshipper of Hepliaklqana the Forgotten
  2305 | D:5      | Killed Blork the orc
  2382 | D:5      | Noticed a water moccasin
  2470 | D:4      | Reached skill level 5 in Stealth
  2476 | D:4      | Found a staircase to the Ecumenical Temple.
  2484 | Temple   | Entered the Ecumenical Temple
  2804 | D:1      | Reached * piety under Hepliaklqana
  2889 | D:4      | Reached skill level 5 in Dodging
  2889 | D:4      | Reached XP level 7. HP: 27/32 MP: 8/8
  3024 | D:4      | Noticed Pikel
  3242 | D:4      | Noticed Menkaure
  3246 | D:4      | Killed Menkaure
  3287 | D:4      | Killed Edmund
  3623 | D:4      | Killed Pikel
  3624 | D:4      | Reached skill level 6 in Dodging
  3624 | D:4      | Reached XP level 8. HP: 37/37 MP: 9/9
  3766 | D:5      | Noticed Duvessa
  3766 | D:5      | Noticed Dowan
  3875 | D:5      | Noticed Grinder
  3884 | D:5      | Killed Grinder
  4337 | D:5      | Identified the +9 plate armour "Horphesi" {rC+}
  4348 | D:5      | Reached skill level 7 in Dodging
  4390 | D:5      | Found a runed translucent door.
  4391 | D:5      | Noticed Crazy Yiuf
  4491 | D:5      | Killed Duvessa
  4511 | D:5      | Killed Dowan
  4836 | D:5      | Killed Crazy Yiuf
  4909 | D:6      | Reached XP level 9. HP: 41/41 MP: 10/10
  4951 | D:6      | Noticed Jeremiah
  4960 | D:6      | Killed Jeremiah
  5054 | D:6      | Found a glowing drain.
  5076 | Sewer    | Entered a sewer
  5219 | Sewer    | Noticed Pargi
  5235 | Sewer    | Killed Pargi
  5236 | Sewer    | Reached skill level 5 in Fighting
  5280 | Sewer    | Acquired 569 gold pieces
  5412 | D:6      | Reached skill level 8 in Dodging
  5428 | D:6      | Noticed Eustachio
  5434 | D:6      | Killed Eustachio
  5705 | D:6      | Reached ** piety under Hepliaklqana
  5706 | D:6      | Remembered your ancestor Dagmar as a knight
  6033 | D:7      | Reached skill level 10 in Ranged Weapons
  6033 | D:7      | Reached skill level 10 in Stealth
  6090 | D:7      | Found a basalt altar of Yredelemnul.
  6137 | D:7      | Reached XP level 10. HP: 45/45 MP: 11/11
  6281 | D:7      | Found a radiant altar of Vehumet.
  6792 | D:8      | Noticed Maurice
  6810 | D:8      | Killed Maurice
  6811 | D:8      | Reached skill level 9 in Dodging
  7068 | D:8      | Noticed Joseph
  7091 | D:8      | Killed Joseph
  7632 | D:9      | Reached skill level 10 in Dodging
  7676 | D:9      | Reached *** piety under Hepliaklqana
  8202 | D:9      | Found a staircase to the Orcish Mines.
  8404 | D:9      | Noticed a tengu warrior
  8409 | D:9      | Reached XP level 11. HP: 52/52 MP: 12/12
  8542 | D:9      | Killed a tengu warrior
  8724 | D:9      | Noticed a soul eater
  9179 | Orc:1    | Entered Level 1 of the Orcish Mines
  9536 | Orc:2    | Entered Level 2 of the Orcish Mines
  9549 | Orc:2    | Reached skill level 11 in Dodging
  9726 | D:10     | Entered Level 10 of the Dungeon
  9727 | D:10     | Noticed Psyche
  9740 | D:9      | Killed Psyche
  9814 | D:10     | Noticed a catoblepas
 10387 | D:10     | Noticed a deep troll
 10390 | D:10     | Reached **** piety under Hepliaklqana
 10401 | D:10     | Noticed Urug
 10834 | D:10     | Killed a catoblepas
 11052 | D:10     | Killed Urug
 11107 | D:10     | Noticed a skeletal warrior
 11119 | D:10     | Noticed a large abomination
 11126 | D:10     | Found a transporter.
 11200 | D:10     | Found the +8 demon trident "Rift" {distort, reach+}
 11445 | D:10     | Killed a deep troll
 11505 | D:10     | Found a transporter.
 11513 | D:10     | Found a one-way gate to the infinite horrors of the Abyss.
 11513 | D:10     | Noticed Arcaseus's ghost (journeyman DEFE)
 11552 | D:10     | Noticed Erica
 11566 | D:10     | Killed Erica
 11567 | D:10     | Reached XP level 12. HP: 37/56 MP: 6/13
 11814 | D:11     | Reached skill level 12 in Dodging
 11877 | D:11     | Found a staircase to the Lair.
 12308 | D:11     | Found a shadowy altar of Dithmenos.
 12408 | D:11     | Noticed a two-headed ogre
 12420 | D:11     | Killed a two-headed ogre
 12430 | D:11     | Identified the ring "Biptak" {rF++ rC++ Will+ Dex-5}
 12488 | D:11     | Noticed a two-headed ogre
 12498 | D:11     | Killed a two-headed ogre
 12507 | D:11     | Acquired a +4 arbalest of freezing
 12676 | Lair:1   | Entered Level 1 of the Lair of Beasts
 12871 | Lair:1   | Reached skill level 1 in Evocations
 13237 | Lair:1   | Found a glowing silver altar of Zin.
 13277 | Lair:1   | Reached ***** piety under Hepliaklqana
 13522 | Lair:1   | Reached skill level 15 in Stealth
 13772 | Lair:2   | Reached skill level 13 in Dodging
 13811 | Lair:2   | Reached XP level 13. HP: 56/62 MP: 12/14
 13882 | Lair:2   | Found a staircase to the Snake Pit.
 14059 | Lair:2   | Reached skill level 15 in Ranged Weapons
 14265 | Lair:2   | Reached skill level 5 in Evocations
 15114 | Lair:3   | Found a shimmering altar of Xom.
 15555 | Lair:3   | Reached skill level 14 in Dodging
 15555 | Lair:3   | Reached skill level 1 in Invocations
 15736 | Lair:3   | Found a staircase to the Swamp.
 16139 | Lair:4   | Reached XP level 14. HP: 67/67 MP: 16/16
 16733 | Lair:4   | Reached ****** piety under Hepliaklqana
 16784 | Lair:4   | Found a viscous altar of Jiyva.
 16785 | Lair:4   | Found a staircase to the Slime Pits.
 17493 | Lair:5   | Entered Level 5 of the Lair of Beasts
 18202 | Lair:5   | Reached skill level 10 in Fighting
 18202 | Lair:5   | Reached skill level 15 in Dodging
 18532 | Lair:5   | Identified the +4 scimitar "Igantof" {freeze, rCorr Dex+3}
 19672 | Orc:2    | Reached skill level 5 in Invocations
 20067 | Orc:2    | Reached XP level 15. HP: 72/72 MP: 19/19
 21086 | Orc:2    | Found Muco's General Store.
 21089 | Orc:2    | Found Uzohej's Weapon Boutique.
 21117 | Orc:2    | Bought 2 potions of lignification for 72 gold pieces
 21410 | Orc:2    | Found Ceolanow's Armour Shop.
 21451 | Orc:2    | Found a staircase to the Elven Halls.
 21910 | D:12     | Noticed Sonja
 21913 | D:12     | Killed Sonja
 21960 | D:12     | Found Raniatiuba's Distillery.
 21966 | D:12     | Bought a potion of heal wounds for 65 gold pieces
 21966 | D:12     | Bought a potion of heal wounds for 65 gold pieces
 21966 | D:12     | Bought a potion of cancellation for 104 gold pieces
 21966 | D:12     | Bought a potion of cancellation for 104 gold pieces
 21966 | D:12     | Bought a potion of attraction for 39 gold pieces
 21966 | D:12     | Bought a potion of curing for 39 gold pieces
 21966 | D:12     | Bought a potion of haste for 130 gold pieces
 22116 | D:12     | Found Muownurch's Book Shoppe.
 22157 | D:12     | Noticed Rupert
 22213 | D:12     | Killed Rupert
 22405 | D:12     | Found a gate leading to a gauntlet.
 22420 | Gauntlet | Entered a Gauntlet
 22420 | Gauntlet | Found a transporter.
 22420 | Gauntlet | Found a runed translucent gate.
 22420 | Gauntlet | Found a transporter.
 22464 | Gauntlet | Found a transporter.
 22465 | Gauntlet | Found a runed translucent gate.
 22465 | Gauntlet | Found a runed translucent gate.
 22481 | Gauntlet | Found a transporter.
 22494 | Gauntlet | Found a transporter.
 22494 | Gauntlet | Found a transporter.
 22494 | Gauntlet | Found a transporter.
 22496 | Gauntlet | Found a transporter.
 22496 | Gauntlet | Found a transporter.
 22508 | Gauntlet | Found a transporter.
 22524 | Gauntlet | Found a transporter.
 22533 | Gauntlet | Found a runed translucent door.
 22534 | Gauntlet | Found a transporter.
 22535 | Gauntlet | Found a runed translucent door.
 22549 | Gauntlet | Found a transporter.
 22569 | Gauntlet | Found a transporter.
 22630 | Gauntlet | Paralysed by a hornet for 2 turns
 22714 | Gauntlet | Reached skill level 16 in Dodging
 22931 | D:12     | Found Xeathut's Assorted Antiques.
 22939 | D:12     | Bought a scroll labelled FITIJA KEBOONI for 34 gold pieces
 23008 | D:12     | Noticed Nessos
 23014 | D:12     | Killed Nessos
 23365 | D:13     | Found a snail-covered altar of Cheibriados.
 24731 | D:13     | Reached XP level 16. HP: 78/78 MP: 22/22
 24743 | D:13     | Reached skill level 17 in Dodging
 24759 | D:13     | Found a gate to the Vaults.
 24773 | D:13     | Identified the +2 pair of gloves of Mysticism {Dex+3}
 25043 | D:14     | Found a portal to a secret trove of treasure.
 25565 | D:14     | Identified the staff "Poell" {rElec rPois Air}
 25687 | D:14     | Noticed Frances
 25697 | D:14     | Killed Frances
 25821 | D:15     | Entered Level 15 of the Dungeon
 26080 | D:15     | Reached skill level 18 in Dodging
 26695 | D:15     | Found a staircase to the Depths.
 26784 | D:15     | Found a hide-covered altar of Uskayaw.
 27077 | Snake:1  | Entered Level 1 of the Snake Pit
 27103 | Snake:1  | Found Quso's Book Boutique.
 27212 | Swamp:1  | Entered Level 1 of the Swamp
 27440 | Swamp:1  | Reached skill level 19 in Dodging
 27725 | Swamp:1  | Reached XP level 17. HP: 78/83 MP: 24/24
 27826 | Swamp:1  | Found a shadowy altar of Dithmenos.
 28988 | Swamp:3  | Reached skill level 20 in Dodging
 29000 | Swamp:3  | Noticed a tentacled monstrosity
 29185 | Swamp:3  | Killed a tentacled monstrosity
 30303 | Snake:1  | Identified the ring "Lourr" {rF+ Dex+3}
 31015 | Snake:1  | Reached skill level 10 in Invocations
 31274 | Snake:1  | Reached skill level 22 in Dodging
 31274 | Snake:1  | Reached XP level 18. HP: 90/90 MP: 26/26
 32759 | Snake:4  | Entered Level 4 of the Snake Pit
 32804 | Snake:4  | Reached XP level 19. HP: 77/94 MP: 24/27
 33828 | Snake:4  | Got a serpentine rune of Zot
 34130 | Swamp:4  | Entered Level 4 of the Swamp
 34140 | Swamp:4  | Noticed Bai Suzhen
 34259 | Swamp:3  | Killed Bai Suzhen
 34381 | Swamp:4  | Reached skill level 23 in Dodging
 34444 | Swamp:4  | Noticed Mlioglotl
 34711 | Swamp:4  | Paralysed by accursed screaming for 1 turns
 34782 | Swamp:4  | Killed Mlioglotl
 35219 | Swamp:4  | Got a decaying rune of Zot
 35485 | Elf:1    | Entered Level 1 of the Elven Halls
 35934 | Elf:1    | Noticed Azrael
 35940 | Elf:1    | Killed Azrael
 36335 | Elf:1    | Found Muhoupei's Magic Scroll Shop.
 36343 | Elf:1    | Bought a scroll of teleportation for 30 gold pieces
 36343 | Elf:1    | Bought a scroll of teleportation for 30 gold pieces
 36343 | Elf:1    | Bought a scroll of identify for 20 gold pieces
 36343 | Elf:1    | Bought a scroll of fog for 40 gold pieces
 36343 | Elf:1    | Bought a scroll of noise for 10 gold pieces
 36465 | Elf:2    | Found a runed translucent gate.
 36471 | Elf:2    | Found a runed translucent gate.
 36475 | Elf:2    | Found a runed translucent gate.
 36616 | Elf:2    | Noticed Agnes
 36630 | Elf:2    | Killed Agnes
 36824 | Elf:2    | Found a radiant altar of Vehumet.
 36899 | Elf:2    | Found a flickering gateway to a bazaar.
 36908 | Bazaar   | Entered a bazaar
 36908 | Bazaar   | Found Ekkarasm's Assorted Antiques.
 36908 | Bazaar   | Found Kureg's Jewellery Emporium.
 36910 | Bazaar   | Found Waturho's Distillery.
 36916 | Bazaar   | Bought a potion of heal wounds for 140 gold pieces
 36916 | Bazaar   | Bought a potion of invisibility for 224 gold pieces
 36916 | Bazaar   | Bought a potion of attraction for 84 gold pieces
 36916 | Bazaar   | Bought a potion of brilliance for 112 gold pieces
 36926 | Bazaar   | Found Doptaisi's Magic Scroll Emporium.
 36934 | Bazaar   | Bought a scroll of fear for 76 gold pieces
 36934 | Bazaar   | Bought a scroll of fear for 76 gold pieces
 36934 | Bazaar   | Bought a scroll of teleportation for 57 gold pieces
 36934 | Bazaar   | Bought a scroll of blinking for 142 gold pieces
 36934 | Bazaar   | Bought a scroll of fog for 76 gold pieces
 37007 | Elf:2    | Reached skill level 10 in Evocations
 37163 | Elf:2    | Found a crumbling gateway.
 37175 | Desolati | Entered the Desolation of Salt
 37224 | Desolati | Reached skill level 15 in Fighting
 37224 | Desolati | Reached XP level 20. HP: 101/101 MP: 28/28
 37552 | Desolati | Identified the ring "Anuihis" {Fire rN+}
 37714 | Desolati | Got the Parchment of the Chill
 37721 | Desolati | Got the Almanac of the Tesseract
 37726 | Desolati | Got Reeshraix's Lessons on Geology and the Salvo
 38116 | Desolati | Identified the +3 great sword of Trauma {chaos, *Noise
                  | Dex+3 Stlth+}
 38130 | Desolati | Identified the +7 short sword of the Big Fish {holy,
                  | *Corrode rN+ MP+9 Dex+3}
 39496 | Elf:1    | HP: 5/102 [+4 scimitar of holy wrath (28)]
 39501 | Elf:1    | Reached skill level 24 in Dodging
 39682 | Elf:2    | HP: 1/102 [deep elf blademaster/+0 rapier (8)]
 39682 | Elf:2    | Demolished by a +4 long sword of electrocution

Illustrated notes

Levels and vault maps discovered:
D:1:      dpeg_arrival_rooms_with_view, layout_rooms
D:2:      layout_rooms, uniq_robin, uniq_natasha
D:3:      layout_loops_cross, chequers_temple_overflow_statue_of_worship
D:4:      layout_cave_pools, minmay_temple_entry_butterflies,
          ebering_dispersal_statue_hall, minmay_misc_feat_hallway, uniq_pikel,
          uniq_edmund, uniq_menkaure
D:5:      minmay_angry_zag, layout_gridville, minitemple,
          serial_co_window_serial, co_window_corner_a,
          co_window_of_opportunity_a, co_window_corner_a, co_window_paths_a,
          co_window_corner_a, co_window_of_opportunity_b, co_window_paths_c,
          co_window_corner_b, co_window_broadway_c, co_window_cross_4,
          co_window_paths_c, co_window_unsneaky_path_e, glass_columns_a,
          glass_columns_c, glass_columns_a, uniq_blork_the_orc, uniq_ijyb,
          uniq_grinder, uniq_crazy_yiuf_cottage, uniq_duvessa
D:6:      layout_basic, gup_sewer_entry_pipe, serial_aquarium,
          aquarium_bridge_square [aquarium_subvault_bridge,
          aquarium_subvault_wall, aquarium_subvault_bridge,
          aquarium_subvault_wall], aquarium_window_2, aquarium_window_fake,
          aquarium_window_1, aquarium_window_2, aquarium_view_2d,
          aquarium_view_2e, minmay_diced_spiral, uniq_jeremiah, uniq_eustachio
D:7:      layout_loops_ring, yredelemnul_forgotten_temple_becter,
          lemuel_tele_altar
D:8:      layout_basic, uniq_joseph, uniq_maurice
D:9:      layout_stronghold, orc_0_dummy, evilmike_minifort
D:10:     nzn_motion_control, layout_loops_ring, gammafunk_ghost_abyssal_escape,
          kennysheep_island_fort, uniq_erica, uniq_psyche, uniq_urug
D:11:     layout_roguey, hellmonk_lair_entry_icy,
          nicolae_dithmenos_through_a_glass_darkly
D:12:     layout_stronghold, serial_shops, shop_fountains, shop,
          nicolae_shop_rolling_square, gauntlet_entry_generic, kennysheep_donut,
          uniq_sonja, uniq_nessos, uniq_rupert
D:13:     minmay_four_partial_circles, layout_long_grid,
          grunt_vaults_entry_fortified, cheibriados_altar_1
D:14:     nzn_winding_woodlands_three_and_one
          [nzn_winding_woodlands_5x15_pathside_ponds,
          nzn_winding_woodlands_5x15_eye,
          nzn_winding_woodlands_5x15_split_checker,
          nzn_winding_woodlands_center_diamonds], layout_cave_pools,
          nicolae_trove_entry_isolated, worms_lemuel, uniq_frances
D:15:     gammafunk_enter_depths_forms, layout_loops_ring,
          nicolae_uskayaw_suspiria
Temple:   nicolae_temple_slightly_damp_pantheon
Lair:1:   layout_chaotic_city, basic_altar, evilmike_ambush
          [evilmike_ambush_outer_basic, evilmike_ambush_inner_wall_2],
          lemuel_fruit_fields, infiniplex_staircase_pool_2,
          serial_bayou_shore_b, serial_bayou_shore_a
Lair:2:   wad_woods_tower, layout_long_grid, minmay_snake_entry_guardpost_small,
          cheibrodos_lair_reptile_den
Lair:3:   layout_gridlike, nicolae_swamp_entry_spooky, basic_altar
Lair:4:   layout_layer_cave, nicolae_slime_entry_slimehenge,
          beast_lair_carwin_5, lemuel_fruit_tree
Lair:5:   minmay_lair_end_frog_pond, layout_loops_ring
Swamp:1:  nicolae_swamp_standing_stones, layout_basic_swamp,
          nicolae_swamp_godswood, swamp_pool_4, nicolae_swamp_baby_hydras
Swamp:2:  layout_basic_swamp, nicolae_swamp_reclaimed_castle, swamp_pool_4
Swamp:3:  layout_basic_swamp, hangedman_swamp_lotus,
          nicolae_swamp_very_dense_foliage, swamp_pool_4,
          nicolae_swamp_soggy_hallways, infiniplex_staircase_pool
Swamp:4:  swamp_icy, layout_basic_swamp, uniq_bai_suzhen, uniq_mlioglotl
Snake:1:  layout_chambers, serial_shops, shop, grunt_ministairs_15
Snake:2:  layout_rooms, nrook_loot_triangle, st_stairs_4,
          nicolae_twisty_statue_hallways
Snake:3:  layout_misc_corridors, nicolae_snake_gridmaze_spiral
Snake:4:  snake_pit, layout_cave_town
Orc:1:    layout_caves, enter_volcano_3, hellmonk_talismancer
Orc:2:    st_orc_town, layout_caves, blackcustard_mines_bat_river
Elf:1:    layout_onion_city, serial_shops, nicolae_shop_statue_plus,
          nicolae_elf_blasts_and_bolts, uniq_azrael
Elf:2:    nicolae_elf_blades_splatter_lattice
          [nicolae_blade_entry_diamond_columns], layout_rooms, serial_shops,
          bzr_entry_lakeside, basic_altar, portal_desolation_entry_nicolae_nacl,
          uniq_agnes

Skill      XL: |  1  2  3  4  5  6  7  8  9 10 11 12 13 14 15 16 17 18 19 20 |
---------------+-------------------------------------------------------------+-----
Stealth        | 2 3 4 5 6 8 10 11 13 15 16 17 18 20 21 23 | 23.7
Dodging        | 3 4 5 6 7 8 10 11 13 14 15 16 19 22 23 24 | 24.0
Fighting       | 2 3 4 5 6 7 8 9 10 11 13 15 | 15.6
Ranged Weapons | 5 6 7 8 10 11 13 14 15 17 18 19 | 19.0
Evocations     | 3 5 6 10 11 | 11.4
Invocations    | 2 5 6 8 10 | 10.1

Action                     |  1- 3 |  4- 6 |  7- 9 | 10-12 | 13-15 | 16-18 | 19-21 || total
---------------------------+-------+-------+-------+-------+-------+-------+-------++-------
   Fire: Shortbow          |    90 |   124 |   105 |       |       |       |       ||   319
         Sling             |       |       |   269 |   874 |       |       |       ||  1143
         Arbalest          |       |       |       |   112 |  1218 |   901 |   788 ||  3019
 Invoke: Recall Ancestor   |       |       |     3 |    10 |    19 |    10 |    11 ||    53
         Ancestor Life: Kn |       |       |     1 |       |       |       |       ||     1
         Idealise          |       |       |       |       |       |     4 |     9 ||    13
         Transference      |       |       |       |       |       |     2 |       ||     2
         Ancestor Identity |       |       |       |       |       |     1 |       ||     1
  Evoke: Wand              |       |     3 |       |       |     1 |       |     3 ||     7
         Sack of spiders   |       |       |       |       |     1 |     1 |       ||     2
         Tin of tremorston |       |       |       |       |     1 |       |       ||     1
         Phantom mirror    |       |       |       |       |       |       |     1 ||     1
    Use: Scroll            |     1 |     2 |     2 |    13 |     7 |     7 |     6 ||    38
         Potion            |       |       |       |     1 |     1 |     5 |     8 ||    15
 Armour: Robe              |    16 |    22 |    36 |    89 |   139 |    81 |   110 ||   493
  Dodge: Dodged            |    42 |    71 |    93 |   204 |   342 |   267 |   250 ||  1269
